AoeStats
← toomuchdog

Arabia

508579314Analyzed
2v2 RM · 11d ago on Sep 23, 2026· 39m 32s· 4 players
Game mode
Random Map
Map size
Medium (4 player)
Population
200
Speed
Normal
Resources
Standard
Victory
Conquest
Starting age
Dark Age
Ending age
Imperial Age
RankedLock teamsTeams togetherTeam positionsShared explorationLock speedFull tech treeHidden civsTurbo modeCheats
Victory
Defeat
🇨🇦 Goths · Canada
1343
+12
1249
+16
🇲🇽 Britons · Mexico
1257
-14
🇲🇽 Berbers · Mexico
1256
-14
Slicked Back Not Pushed
8:31 Loom
10:29 Feudal Age
12:23 Double-Bit Axe
16:42 Horse Collar
18:25 Scale Barding Armor
20:51 Forging
22:44 Castle Age
23:01 Bloodlines
23:02 Forging
25:00 Chain Barding Armor
25:49 Wheelbarrow
26:31 Town Watch
27:27 Iron Casting
27:28 Husbandry
31:06 Bow Saw
30:58 Heavy Plow
toomuchdog
9:20 Feudal Age
7:37 Loom
9:22 Feudal Age
10:24 Double-Bit Axe
14:48 Fletching
14:59 Horse Collar
20:49 Castle Age
19:50 Padded Archer Armor
19:47 Gold Mining
21:04 Elite Skirmisher
21:42 Bodkin Arrow
23:57 Wheelbarrow
23:38 Bow Saw
26:23 Hand Cart
26:16 Town Watch
28:59 Ballistics
29:09 Leather Archer Armor
33:25 Imperial Age
31:38 Stone Mining
31:53 Squires
31:58 Scale Mail Armor
32:08 Forging
33:07 Anarchy
35:36 Chain Mail Armor
35:57 Iron Casting
36:46 Conscription
37:34 Chemistry
37:14 Bracer
38:17 Conscription
38:15 Elite Huskarl
echebaum
7:26 Loom
10:09 Feudal Age
11:26 Wheelbarrow
11:04 Double-Bit Axe
11:46 Horse Collar
16:31 Padded Archer Armor
17:15 Fletching
19:19 Town Watch
25:14 Castle Age
23:44 Gold Mining
23:49 Stone Mining
34:43 Imperial Age
33:51 Bodkin Arrow
34:11 Leather Archer Armor
35:43 Ballistics
38:39 Conscription
juanpasp2001825
6:10 Loom
9:20 Feudal Age
11:02 Double-Bit Axe
12:18 Town Watch
12:31 Horse Collar
14:06 Forging
22:25 Castle Age
20:58 Fletching
22:23 Gold Mining
23:35 Bow Saw
23:27 Heavy Plow
25:24 Wheelbarrow
29:56 Gold Shaft Mining
29:50 Bloodlines
29:40 Husbandry
30:02 Scale Barding Armor
30:00 Husbandry
31:00 Hand Cart
31:11 Light Cavalry
33:40 Bodkin Arrow
35:17 Ballistics
37:38 Imperial Age
37:21 Padded Archer Armor
Connection lost

Rejoining the realm…

Still unreachable

The connection could not be restored.

Session expired

The server has moved on; the page needs a fresh start.